AoeStats
← qLau

Arabia

509948969Analyzed
1v1 RM · 5d ago on Sep 28, 2026· 38m 10s· 2 players
Game mode
Random Map
Map size
Tiny (2 player)
Population
200
Speed
Normal
Resources
Standard
Victory
Conquest
Starting age
Dark Age
Ending age
Imperial Age
RankedLock teamsTeams togetherTeam positionsShared explorationLock speedFull tech treeHidden civsTurbo modeCheats
Victory
Defeat
🇷🇴 Magyars · Romania
874
+17
🇮🇹 Franks · Italy
897
-17
qLau
3:11 Loom
9:11 Feudal Age
9:57 Double-Bit Axe
11:42 Horse Collar
18:45 Castle Age
19:38 Bow Saw
21:31 Wheelbarrow
22:08 Gold Mining
23:58 Bloodlines
28:08 Scale Barding Armor
28:24 Hand Cart
29:18 Husbandry
30:45 Chain Barding Armor
31:41 Fletching
32:24 Stone Mining
32:58 Bodkin Arrow
34:56 Gold Shaft Mining
BIG G
9:04 Loom
11:30 Feudal Age
12:01 Double-Bit Axe
18:21 Scale Barding Armor
24:18 Castle Age
26:22 Husbandry
27:27 Chain Barding Armor
29:49 Pikeman
32:29 Scale Mail Armor
32:33 Squires
32:39 Stone Mining
33:03 Gold Mining
Connection lost

Rejoining the realm…

Still unreachable

The connection could not be restored.

Session expired

The server has moved on; the page needs a fresh start.